 Dungeon Crawl Stone Soup version 0.28-a0-883-gc8d7bad45d (webtiles) character file.

Game seed: 15839788283487345457

13 ytrimaz the Skirmisher (level 2, 24/24 HPs)
             Began as a Demonspawn Fighter on Nov 22, 2021.
             Quit the game on level 1 of the Dungeon.
             The game lasted 00:00:28 (467 turns).

ytrimaz the Skirmisher (Demonspawn Fighter)          Turns: 467, Time: 00:00:28

Health: 24/24      AC:  6    Str: 16    XL:     2   Next: 24%
Magic:  2/2        EV:  9    Int:  9    God:
Gold:   22         SH:  4    Dex: 12    Spells: 1/1 levels left

rFire   . . .      SeeInvis .   a - +0 flail
rCold   . . .      Faith    .   c - +0 buckler
rNeg    . . .      Spirit   .   b - +0 scale mail
rPois   .          Reflect  .   (helmet restricted)
rElec   .          Harm     .   (no cloak)
rCorr   .          Rampage  .   (no gloves)
Will    .....                   (no boots)
Stlth   ..........              (no amulet)
HPRegen 0.08/turn               (no ring)
MPRegen 0.08/turn               (no ring)

@: no status effects
A: antennae 1
a: no special abilities


You were on level 1 of the Dungeon.
You visited 1 branch of the dungeon, and saw 1 of its levels.

You collected 22 gold pieces.

Inventory:

Hand Weapons
 a - a +0 flail (weapon)
Armour
 b - a +0 scale mail (worn)
 c - a +0 buckler (worn)
Potions
 d - a potion of might


   Skills:
 + Level 3.2 Fighting
 + Level 1.9 Maces & Flails
 + Level 2.9 Armour
 + Level 2.9 Shields


You had one spell level left.
You didn't know any spells.
Your spell library contained the following spells:

 Spells                   Type           Power      Damage    Failure   Level
 Blink                    Tloc           0%         N/A       94%         2
 Lesser Beckoning         Tloc           0%         N/A       99%         3
 Manifold Assault         Tloc           0%         N/A       100%        5


Dungeon Overview and Level Annotations

Branches:
Dungeon (1/15)

Altars:


Innate Abilities, Weirdness & Mutations

You have a pair of small antennae on your head.


Message History

The jackal bites you but does no damage.
You have reached level 2!
Your demonic ancestry asserts itself...
A pair of antennae grows on your head!
You barely miss the jackal. The jackal barely misses you.
The jackal closely misses you.
You miss the jackal.
The jackal bites you but does no damage.
You thump the jackal!
You kill the jackal!
The jackal bites you but does no damage.
You thump the jackal!
You kill the jackal!
Things that are here:
a jackal corpse; a jackal corpse; a jackal corpse A rat comes into view.
A rat is nearby!
A rat is nearby!
A rat is nearby!
An endoplasm comes into view.
The endoplasm quivers.
You block the rat's attack.
You closely miss the rat. The rat closely misses you.
You completely miss the rat. The rat barely misses you.
The endoplasm barely misses you. The rat bites you but does no damage.
You completely miss the rat. The endoplasm barely misses you.
You block the rat's attack.
You hit the endoplasm.
You kill the endoplasm!
The rat closely misses you.
Unknown command.
You hit the rat.
You kill the rat!
You see here a rat corpse.
You open the door.
There is an open door here.
A bat comes into view.
The bat hits you but does no damage. The bat closely misses you.
Are you sure you want to abandon this character and quit the game? (Confirm with "yes".)

#..#. ...#.
###...#####
..........#
..........#
.....b....#
..........#
.......@..#
..........#
..#######.#
####'#######
#...........
#.......####
######..†....#
#.....###........
#.###.###########


You could see a bat.

Vanquished Creatures
  A ball python (D:1)
  A bat (D:1)
  An endoplasm (D:1)
  A goblin (D:1)
  A hobgoblin (D:1)
  3 jackals (D:1)
  A kobold (D:1)
  A rat (D:1)
10 creatures vanquished.

Notes
Turn   | Place    | Note
-------+----------+-------------------------------------------
     0 | D:1      | ytrimaz the Demonspawn Fighter began the quest for the Orb.
     0 | D:1      | Reached XP level 1. HP: 18/18 MP: 1/1
   335 | D:1      | Gained mutation: You have a pair of small antennae on your
                  | head. [demonic ancestry]
   335 | D:1      | Reached XP level 2. HP: 15/24 MP: 2/2
   467 | D:1      | Quit the game

Illustrated notes

Levels and vault maps discovered:
D:1:      elethiomel_arrival_infinity_welcomes_careful_drivers, layout_basic,
          serial_shops, shop, minmay_pentomino_t4

Action                   || total
-------------------------++-------
Melee: Flail             ||    33
Armor: Scale mail        ||    19
Dodge: Dodged            ||    23
Block: Buckler           ||     5

Table legend: (Time is in decaauts)
 A = Elapsed time spent in this place.
 B = Non-inter-level travel time spent in this place.
 C = Inter-level travel time spent in this place.
 D = Time resting spent in this place.
 E = Time spent auto-exploring this place.
 F = Levels seen in this place.
 G = Mean time per level.
                   A        B        C        D        E       F      G
               +--------+--------+--------+--------+--------+-----+--------+
         Total |    478 |    478 |      0 |      0 |    387 |   1 |  478.0 |
       Dungeon |    478 |    478 |      0 |      0 |    387 |   1 |  478.0 |
               +--------+--------+--------+--------+--------+-----+--------+

Top non-repeatable levels by time:
     D:1: 478 daAuts
